 Dungeon Crawl Stone Soup version 0.21-a0-94-gdd6ab6a (webtiles) character file.

15 MackTheKnife the Chopper (level 2, -4/26 HPs)
             Began as a Deep Dwarf Gladiator on July 3, 2017.
             Slain by a gnoll
             ... wielding a +0 spear
              (5 damage)
             ... on level 3 of the Dungeon.
             The game lasted 00:01:23 (213 turns).

MackTheKnife the Chopper (Deep Dwarf Gladiator)      Turns: 213, Time: 00:01:24

Health: -4/26      AC:  4    Str: 17    XL:     2   Next: 34%
Magic:  2/2        EV: 13    Int:  8    God:
Gold:   11         SH:  0    Dex: 14    Spells: 1/1 levels left

rFire    . . .     SeeInvis .   a - +0 war axe
rCold    . . .     Gourm    +   (no shield)
rNeg     . . .     Faith    .   b - +0 leather armour
rPois    .         Spirit   .   c - +0 helmet
rElec    .         Reflect  .   (no cloak)
rCorr    .         Harm     .   (no gloves)
MR       .....                  (no boots)
Stlth    +.........             g - amulet of the gourmand {Gourm, !d}
HPRegen  0.00/turn              (no ring)
MPRegen  0.08/turn              (no ring)

@: non-regenerating
A: damage resistance, heal wounds, sense surroundings 1, no regeneration
a: Heal Wounds


You were on level 3 of the Dungeon.
You were not hungry.

You visited 1 branch of the dungeon, and saw 3 of its levels.

You collected 11 gold pieces.

Inventory:

Hand Weapons
 a - a +0 war axe (weapon)
Missiles
 d - 3 throwing nets {=f, !d}
Armour
 b - a +0 leather armour (worn)
 c - a +0 helmet (worn)
Jewellery
 g - an amulet of the gourmand (around neck) {Gourm, !d}
   (You found it on level 2 of the Dungeon)
Scrolls
 e - 2 scrolls of identify {unknown}
 h - a scroll of enchant weapon {unknown}
 i - a scroll of immolation {unknown}
Comestibles
 f - a bread ration {@e1}


   Skills:
 - Level 1.7 Fighting
 + Level 4.1 Axes
 - Level 1.7 Throwing
 - Level 3.2 Dodging


You had one spell level left.
You didn't know any spells.

Dungeon Overview and Level Annotations

Branches:
Dungeon (3/15)

Altars:
Okawaru


Innate Abilities, Weirdness & Mutations

You are resistant to damage.
You can heal yourself by infusing magical energy.
You passively map a small area around you.
You do not regenerate.


Message History

A kobold comes into view. It is wielding a dagger.
A goblin comes into view.
The kobold shouts!
The goblin shouts!
You barely miss the adder. The adder bites you. The adder barely misses you.
You take 1 damage, and have 18/19 hp.
You miss the adder. The adder closely misses you. The adder bites you.
You are poisoned.
The adder poisons you!
You take 3 damage, and have 15/19 hp.
You barely miss the adder. The adder bites you. x2
You are more poisoned.
The adder poisons you! The kobold hits you but does no damage.
You barely miss the adder. You hit the kobold.
You kill the kobold!
The adder bites you but does no damage. The adder closely misses you.
Unknown command.
You miss the adder. You miss the goblin. The goblin misses you.
The adder bites you but does no damage.
Unknown command.
You barely miss the adder. You closely miss the goblin. The adder bites you.
You are more poisoned.
The adder poisons you! The goblin hits you but does no damage.
The adder barely misses you. The goblin hits you but does no damage.
You take 1 damage, and have 14/19 hp.
You hit the adder. You slash the goblin!
You kill the goblin!
The adder closely misses you. The adder bites you.
Unknown command.
You closely miss the adder. The adder completely misses you.
Unknown command.
You hit the adder. The adder bites you. The adder closely misses you.
You take 3 damage, and have 11/19 hp.
You slash the adder!
You kill the adder!
Your Axes skill increases to level 4!
You have reached level 2!
You regained 4 hp, and now have 15/26 hp.
MP restored: 2 Put on which piece of jewellery? (? for menu, Esc to quit)
You feel a craving for the dungeon's cuisine.
g - an amulet of the gourmand (around neck)
A kobold comes into view. It is wielding a short sword.
The kobold shouts!
You barely miss the kobold. The kobold misses you.
You hit the kobold but do no damage. The kobold closely misses you.
You closely miss the kobold.
The kobold hits you with a short sword. x2
You take 4 damage, and have 11/26 hp.
You barely miss the kobold. The kobold closely misses you.
You slash the kobold!
You kill the kobold!
You see here a short sword.
You are no longer poisoned.
Found a stone staircase leading down.
Found a stone staircase leading down.
There is a stone staircase leading down here.
You climb downwards.
There is a stone staircase leading up here.
A gnoll comes into view. It is wielding a club.
The gnoll shouts!
Found an escape hatch in the floor.
An adder comes into view.
The adder hisses angrily.
A gnoll comes into view. It is wielding a spear.
You see here a scroll labeled FEBBAKHIKK.
i - a scroll labeled FEBBAKHIKK The gnoll shouts!
The gnoll moves out of view.
A gnoll comes into view. It is wielding a spear.
A hobgoblin comes into view. It is wielding a club.
The hobgoblin shouts!
Found an iron altar of Okawaru.
The adder bites you but does no damage. The adder bites you.
You completely miss the gnoll. You barely miss the adder.
The adder closely misses you. The gnoll barely misses you. The adder bites you.
You take 1 damage, and have 10/26 hp.
You hit the gnoll. You hit the adder. The gnoll hits you with a club.
The adder misses you.
The gnoll hits you from afar with a spear.
You take 2 damage, and have 8/26 hp.
You barely miss the gnoll. You barely miss the hobgoblin. You miss the adder.
The adder barely misses you. The gnoll misses you. x2
The hobgoblin barely misses you. The adder barely misses you.
The gnoll hits you but does no damage.
You barely miss the gnoll.
The gnoll hits you from afar with a spear!
* * * LOW HITPOINT WARNING * * *
The gnoll hits you with a club.
* * * LOW HITPOINT WARNING * * *
You take 7 damage, and have 1/26 hp.
MASSIVE DAMAGE!!
You aren't carrying any potions.
Unknown command.
You aren't carrying any items that you can evoke.
Unknown command.
You aren't carrying any items that you can evoke.
Unknown command.
You fail to use your ability.
The gnoll hits you from afar with a spear.
You die...

, , * , .......
.......#### ###*
.........#.. ...
.........#.# ##.###
#........#.##.....##
#....#>....#.......#
,...........g#.......#
#...........Sg@.._....
.............g#.......#
*
..$...........#.......#
..............##.....##
..........g...####.###
* .....................
, ................g.
..# )............g....
..# ......$<..........,


You could see 3 gnolls, an adder and a hobgoblin.

Vanquished Creatures
  An adder (D:2)
  A goblin (D:2)
  3 kobolds
  A frilled lizard (D:2)
  A rat (D:1)
7 creatures vanquished.

Notes
Turn   | Place    | Note
-------+----------+-------------------------------------------
     0 | D:1      | MackTheKnife the Deep Dwarf Gladiator began the quest for the Orb.
     0 | D:1      | Reached XP level 1. HP: 19/19 MP: 1/1
   158 | D:2      | Reached skill level 4 in Axes
   158 | D:2      | Reached XP level 2. HP: 15/26 MP: 2/2
   204 | D:3      | Found an iron altar of Okawaru.
   212 | D:3      | HP: 3/26 [gnoll/spear (5)]
   212 | D:3      | HP: 1/26 [gnoll/club (2)]
   213 | D:3      | Slain by a gnoll

Vault maps used:
D:1:      lightli_arrival_chessboard, serial_park_tiny_1
D:2:      solitary_fountain
D:3:      old_standard_altar, uniq_natasha, uniq_robin

Skill      XL: |  1 |
---------------+----+-----
Axes           | 4 |  4.1
Fighting       | |  1.7
Throwing       | |  1.7
Dodging        | |  3.2

Action                   || total
-------------------------++-------
Melee: War axe           ||    23
Armor: Leather armour    ||     6
Dodge: Dodged            ||    21

Vault maps used:
D:1:      lightli_arrival_chessboard, serial_park_tiny_1
D:2:      solitary_fountain
D:3:      old_standard_altar, uniq_natasha, uniq_robin

Table legend:
 A = Turns spent in this place as a percentage of turns spent in the entire game.
 B = Non-inter-level travel turns spent in this place as a percentage of non-inter-level travel turns spent in the entire game.
 C = Inter-level travel turns spent in this place as a percentage of turns spent in this place.
 D = Turns resting spent in this place as a percentage of non-inter-level travel turns spent in this place.
 E = Turns spent auto-exploring this place as a percentage of non-inter-level travel turns spent in this place.
 F = Non-inter-level travel turns spent in this place divided by the number of levels of this place that you've seen.
                   A       B       C       D       E      F
               +-------+-------+-------+-------+-------+----------------------
         Total | 100.0 | 100.0 |   0.0 |   0.0 |   0.0 |  75.0
       Dungeon | 100.0 | 100.0 |   0.0 |   0.0 |   0.0 |  75.0
               +-------+-------+-------+-------+-------+----------------------

Table legend:
 A = Kills in this place as a percentage of kills in entire the game.
 B = Kills by you in this place as a percentage of kills by you in the entire game.
 C = Kills by friends in this place as a percentage of kills by friends in the entire game.
 D = Other kills in this place as a percentage of other kills in the entire game.
 E = Experience gained in this place as a percentage of experience gained in the entire game.
 F = Experience gained in this place divided by the number of levels of this place that you have seen.
                   A       B       C       D       E      F
               +-------+-------+-------+-------+-------+----------------------
         Total | 100.0 | 100.0 |  -nan |  -nan | 100.0 |   7.3
       Dungeon | 100.0 | 100.0 |  -nan |  -nan | 100.0 |   7.3
               +-------+-------+-------+-------+-------+----------------------
